Map: Dreamcatcher LE

Players

KarmaDealer

  • Race: Terran Terran
  • League: Diamond
  • Spawn Location: 5:00

Apoptosis - Winner!

  • Race: Zerg Zerg
  • League: Diamond
  • Spawn Location: 11:00

VOD

Have the link to the VOD?

Description

Time

  • Played on: Sept. 5, 2018, 4:01 a.m.
  • Length: 19:28
Show
View Real Time Build Order
Export as new Build Order

KarmaDealer Terran 

Build Orders: Mech 

Get SALT Encoding   

  12  0:01  SCV  
  13  0:13  SCV  
  14  0:17  Supply Depot  
  14  0:25  SCV  
  15  0:30  Refinery  
  15  0:38  SCV  
  15  0:41  Refinery  
  16  0:53  Barracks  
  16  0:56  SCV  
  17  1:08  SCV  
  18  1:21  SCV  
  19  1:33  SCV  
  20  1:40  Reaper  
  20  1:45  Orbital Command  
  21  2:02  Command Center  
  21  2:10  Supply Depot  
  21  2:13  Barracks Reactor  
  21  2:21  Factory  
  21  2:30  Factory  
  21  2:42  SCV  
  22  3:00  Marine  
  22  3:01  Marine  
  24  3:21  Marine  
  24  3:22  Marine  
  24  3:24  Factory Reactor, Factory Tech Lab  
  26  3:29  Orbital Command  
  26  3:38  Armory  
  26  3:46  Marine x2  
  26  3:47  Siege Tank  
  26  3:48  Supply Depot  
  31  3:50  Bunker  
  31  3:53  Orbital Command  
  31  4:05  Marine, Hellion x2  
  31  4:07  Marine  
  37  4:22  SCV x2  
  38  4:27  Supply Depot  
  38  4:28  Supply Depot  
  38  4:32  Marine x2  
  38  4:34  SCV  
  41  4:41  Starport  
  41  4:44  Infernal Pre-Igniter  
  41  4:49  Marine x2  
  43  4:55  Refinery  
  43  4:58  Refinery, SCV x2  
  45  5:07  Marine x2  
  45  5:10  Siege Tank  
  50  5:18  Hellbat x2  
  54  5:22  Medivac  
  54  5:26  SCV  
  54  5:27  SCV  
  58  5:33  Marine x2  
  60  5:41  Supply Depot  
  60  5:43  Supply Depot  
  60  5:52  Siege Tank, Medivac  
  65  5:57  Marine x2  
  67  6:09  Hellbat x2  
  71  6:15  Marine x2  
  73  6:21  Supply Depot  
  73  6:22  Medivac  
  73  6:25  Supply Depot  
  75  6:33  Marine x2  
  59  7:18  Marine x2  
  59  7:19  Hellbat x2  
  59  7:20  Siege Tank, Medivac  
  70  7:36  Marine x2  
  71  7:39  SCV  
  71  7:40  SCV, Hellbat  
  76  7:51  Thor  
  76  7:52  SCV  
  76  7:53  Marine  
  76  7:54  Marine  
  52  8:43  Marine x2  
  52  8:45  Siege Tank, Hellbat x2  
  61  8:55  Liberator  
  61  9:01  Marine x2  
  60  9:10  Hellbat x2  
  67  9:18  Marine  
  67  9:19  Marine  
  69  9:28  Siege Tank  
  72  9:36  Marine x2  
  72  9:38  Liberator  
  74  9:45  Hellbat x2  
  78  9:54  Marine x2  
  83  10:01  Hellbat  
  83  10:06  Hellbat  
  86  10:12  Marine x2  
  86  10:20  Liberator  
  80  10:30  Marine x2  
  80  10:33  Hellbat x3  
  89  10:47  Marine  
  89  10:48  Marine  
  91  10:54  Hellbat, Command Center  
  93  10:59  Siege Tank  
  96  11:05  Marine x2  
  98  11:23  Marine x2  
  70  11:41  Marine x2  
  70  11:43  Thor, Hellbat  
  70  11:44  Hellbat  
  82  11:59  Marine x2  
  81  12:17  Marine x2  
  38  13:01  Marine x2  
  38  13:02  Hellbat x3  
  38  13:04  Medivac  
  48  13:09  Orbital Command  
  48  13:13  Factory  
  48  13:15  Terran Vehicle And Ship Armor Level 1  
  48  13:18  Marine  
  49  13:22  Supply Depot  
  49  13:23  Supply Depot  
  49  13:24  Supply Depot, Marine  
  49  13:25  Hellbat x2  
  54  13:36  Marine  
  55  13:43  Siege Tank  
  55  13:46  Hellbat, Marine  
  55  13:47  Hellbat  
  55  13:48  Medivac  
  65  13:51  Orbital Command  
  65  13:54  Marine  
  66  14:03  Factory Tech Lab  
  66  14:07  Barracks  
  66  14:11  Marine  
  66  14:12  Marine  
  66  14:13  Hellbat x2  
  66  14:15  Siege Tank  
  75  14:18  SCV x3  
  78  14:24  Siege Tank  
  78  14:29  Marine  
  78  14:30  SCV x3  
  85  14:40  Marine  
  85  14:42  Hellbat x2  
  85  14:43  Medivac  
  92  14:47  Thor, Marine  
  99  14:56  Siege Tank  
  99  14:58  Marine  
  99  14:59  SCV x3  
  106  15:04  Marine  
  106  15:06  Barracks Tech Lab  
  107  15:08  Hellbat  
  107  15:11  SCV x2  
  107  15:12  SCV  
  112  15:16  Marine  
  112  15:19  Terran Vehicle Weapons Level 1  
  113  15:22  Marine  
  113  15:23  SCV  
  113  15:28  Marine  
  116  15:30  SCV x2  
  116  15:34  Marine  
  119  15:40  Marine  
  108  16:15  Liberator  
  75  16:25  Marine x3  
  67  16:27  Hellbat x2  
  67  16:29  Siege Tank  
  67  16:30  Thor  
  81  16:43  Marine x3  
  76  16:49  Hellbat x2  
  64  17:00  Marine x2  
  66  17:01  Hellbat  
  66  17:02  Marine  
  69  17:10  Hellbat  
  69  17:13  Refinery  
  69  17:14  Refinery  
  70  17:18  Marine x2  
  70  17:19  Marine  
  64  17:36  Marine x2  
  66  17:37  Marine  
  66  17:41  Hellbat x2  
  71  17:46  Hellbat x2  
  75  17:54  Marine x2  
  77  18:04  Hellbat x2  
  81  18:06  Orbital Command  
  81  18:07  Thor  
  87  18:21  Marine x3  
  87  18:26  Hellbat x2  
  94  18:52  Marine x2  
Show
View Real Time Build Order
Export as new Build Order

Apoptosis Zerg - Winner!

Build Orders: Hatch First, Swarm Host 

Get SALT Encoding   

  12  0:01  Drone  
  13  0:12  Overlord  
  13  0:19  Drone  
  14  0:30  Drone x2  
  14  0:34  Drone  
  17  0:54  Hatchery  
  17  0:56  Drone  
  17  0:59  Drone  
  18  1:09  Extractor  
  17  1:15  Spawning Pool  
  17  1:17  Drone  
  17  1:21  Drone  
  18  1:28  Drone  
  19  1:39  Overlord  
  19  1:49  Drone  
  20  2:02  Queen  
  20  2:03  Zergling x2  
  20  2:05  Queen  
  20  2:06  Zergling x2  
  26  2:09  Metabolic Boost  
  26  2:12  Drone  
  27  2:16  Drone  
  27  2:21  Drone  
  29  2:27  Drone  
  30  2:32  Drone  
  31  2:38  Drone  
  32  2:48  Drone  
  32  2:49  Drone  
  34  3:03  Hatchery  
  34  3:04  Baneling Nest, Drone  
  34  3:05  Drone x2  
  34  3:16  Drone  
  34  3:17  Drone  
  34  3:18  Overlord x2  
  36  3:23  Overlord  
  36  3:36  Queen  
  36  3:38  Drone x3  
  36  3:39  Drone x2  
  43  3:44  Drone  
  44  3:50  Drone  
  44  3:55  Drone  
  46  3:58  Lair  
  46  3:59  Drone  
  46  4:01  Drone  
  46  4:02  Drone x2  
  50  4:05  Overlord  
  50  4:09  Overlord x2  
  50  4:19  Extractor  
  50  4:20  Extractor  
  50  4:22  Queen  
  50  4:24  Queen  
  50  4:27  Drone x5  
  50  4:28  Drone  
  58  4:34  Drone x4  
  58  4:38  Drone x2  
  64  4:39  Drone  
  64  4:40  Drone  
  67  4:45  Drone x2  
  67  4:52  Zergling x6  
  71  4:58  Zergling x6  
  74  5:07  Zergling x12  
  80  5:14  Hydralisk Den, Extractor  
  80  5:18  Drone  
  80  5:19  Infestation Pit, Drone x2  
  80  5:25  Drone  
  81  5:40  Zergling x2  
  81  5:41  Overlord x4  
  82  5:52  Hatchery  
  81  5:57  Muscular Augments  
  81  5:58  Hive  
  81  6:03  Drone  
  81  6:04  Drone x2  
  84  6:05  Hydralisk x2, Zergling x10  
  93  6:14  Evolution Chamber  
  93  6:16  Evolution Chamber  
  93  6:18  Extractor, Drone x7  
  95  6:19  Extractor  
  96  6:34  Hydralisk x6  
  104  6:50  Zergling x6  
  104  6:51  Zergling x12  
  94  7:01  Zergling x10  
  95  7:07  Baneling x2  
  95  7:08  Grooved Spines  
  95  7:10  Baneling  
  95  7:11  Baneling x5  
  95  7:13  Baneling x4  
  95  7:14  Zergling x4  
  97  7:23  Overlord  
  97  7:24  Overlord x3  
  97  7:31  Spire  
  97  7:32  Zerg Missile Weapons Level 1  
  97  7:34  Zerg Ground Armor Level 1  
  96  7:47  Zergling x14  
  76  8:29  Infestor  
  76  8:30  Drone x2  
  76  8:33  Queen  
  76  8:34  Extractor x2  
  76  8:36  Hydralisk x2, Zergling x14  
  76  8:37  Zergling x2  
  77  9:16  Hydralisk  
  77  9:17  Hydralisk x3, Swarm Host x5  
  77  9:18  Swarm Host  
  103  9:24  Baneling x2  
  103  9:25  Baneling x3, Zergling x2  
  103  9:26  Hatchery, Zergling x12  
  109  9:32  Zerg Missile Weapons Level 2  
  109  9:40  Hatchery  
  109  9:44  Overlord x2  
  109  9:45  Overlord x3  
  108  9:55  Baneling x5  
  102  10:19  Zergling x14  
  105  10:28  Zergling x12  
  105  10:36  Swarm Host x2  
  111  10:46  Drone  
  111  10:47  Extractor x2  
  111  10:48  Drone x2, Viper  
  111  10:49  Drone x2  
  117  10:52  Baneling x7  
  117  10:53  Baneling x6  
  117  10:54  Centrifical Hooks  
  117  10:59  Queen  
  93  11:40  Zergling x24  
  102  12:04  Hydralisk x7  
  102  12:05  Hydralisk  
  114  12:30  Hatchery  
  97  12:47  Hydralisk x2  
  97  12:48  Hydralisk x8  
  97  12:49  Hydralisk x5  
  121  13:06  Hatchery  
  121  13:07  Drone x4  
  124  13:15  Extractor  
  124  13:16  Zergling x4  
  124  13:17  Zergling x10  
  124  13:19  Overlord x2  
  130  13:26  Zerg Missile Weapons Level 3, Zerg Ground Armor Level 2  
  130  13:29  Greater Spire  
  130  13:37  Queen  
  130  13:38  Baneling x4  
  130  13:40  Zergling x12  
  138  13:47  Drone x4  
  142  13:58  Queen  
  144  14:03  Swarm Host x2  
  144  14:07  Overlord x4  
  150  14:27  Corruptor x4  
  150  14:29  Zergling x8  
  150  14:30  Zergling x12  
  168  14:43  Nydus Network  
  167  14:49  Drone x2  
  167  14:50  Drone x5  
  174  15:03  Brood Lord x2  
  178  15:09  Brood Lord  
  180  15:24  Adrenal Glands  
  180  15:37  Nydus Canal  
  180  16:01  Extractor  
  177  16:06  Extractor  
  132  16:22  Zergling x10  
  132  16:23  Zergling x20  
  132  16:24  Zergling x34  
  132  16:25  Zergling x2  
  148  17:25  Baneling  
  148  17:26  Baneling x23, Hydralisk x4  
  148  17:28  Hatchery  
  155  17:34  Corruptor  
  157  18:12  Brood Lord  
  159  18:17  Corruptor x3, Hatchery  
  164  18:33  Overlord x3  
  164  18:57  Extractor  
  163  19:03  Extractor  
Tags
 
Add a new tag
Caveats
  • Supply blocks, unpowered buildings, or Contaminate may cause inaccurate times.
  • Supply counts are checked every 10 seconds.